 Dungeon Crawl Stone Soup version 0.16.2-3-ga078185 (webtiles) character file.

44 gorblad the Skirmisher (level 3, 0/40 HPs)
             Began as an Ogre Chaos Knight on Sept 8, 2015.
             Was an Initiate of Ru.
             Succumbed to an adder's poison
             ... on level 2 of the Dungeon.
             The game lasted 00:09:27 (1681 turns).

gorblad the Skirmisher (Ogre Chaos Knight)          Turns: 1681, Time: 00:09:27

Health: 0/40       AC:  5    Str: 18    XL:     3   Next: 62%
Magic:  3/3        EV: 10    Int: 11    God:    Ru [......]
Gold:   58         SH:  0    Dex:  9    Spells: 0 memorised, 2 levels left

rFire  . . .     SeeInvis .     a - +0 short sword (chaos)
rCold  . . .     Clarity  .     b - +2 robe
rNeg   . . .     SustAb   .     (shield restricted)
rPois  .         Gourm    .     (helmet restricted)
rElec  .         Spirit   .     (no cloak)
rCorr  .         Warding  .     (gloves unavailable)
rMut   .         Stasis   .     (boots unavailable)
MR     .....                    q - amulet of rage
Stlth  +.........               (no ring)
                                (no ring)

@: lethally poisoned (0 -> -9), not resistant to hostile enchantments, very
unstealthy
A: unfitting armour, tough skin 1
a: Renounce Religion, Evoke Berserk Rage


You were on level 2 of the Dungeon.
You worshipped Ru.
Ru was noncommittal.
You were not hungry.

You visited 1 branch of the dungeon, and saw 2 of its levels.

You collected 58 gold pieces.

Inventory:

Hand weapons
 a - a +0 short sword of chaos (weapon)
Armour
 b - a +2 robe (worn)
 i - a cursed +0 ring mail
 n - a +0 leather armour
Jewellery
 q - an amulet of rage (around neck)
Magical devices
 r - a wand of random effects (19)
Scrolls
 d - a scroll of magic mapping
 e - a scroll of enchant weapon {unknown}
 f - 3 scrolls of identify
 g - 4 scrolls of remove curse {unknown}
 h - 2 scrolls of immolation {unknown}
 j - a scroll of random uselessness {unknown}
 l - a scroll of amnesia {unknown}
 o - a scroll of blinking {unknown}
Potions
 k - a potion of ambrosia {unknown}
 m - a potion of cure mutation {unknown}
 p - a potion of restore abilities {unknown}
 s - a potion of haste {unknown}
Comestibles
 c - a meat ration


   Skills:
 + Level 4.7 Fighting
 + Level 2.3 Short Blades
 + Level 0.8 Armour
 + Level 2.5 Dodging


You had 2 spell levels left.
You didn't know any spells.

Dungeon Overview and Level Annotations

Branches:
Dungeon (2/15)

Altars:
Ru


Innate Abilities, Weirdness & Mutations

You are too large for most types of armour.
You have tough skin (AC +1).


Message History

You feel sick. The adder bites you.
* * * LOW HITPOINT WARNING * * *
You are more poisoned.
The adder poisons you! The adder bites you but does no damage.
* * * LOW HITPOINT WARNING * * *
You feel sick. The adder closely misses you.
* * * LOW HITPOINT WARNING * * *
You feel sick. The adder closely misses you.
* * * LOW HITPOINT WARNING * * *
You feel sick. The adder bites you.
* * * LOW HITPOINT WARNING * * *
* * * LOW HITPOINT WARNING * * *
You feel sick. The adder bites you but does no damage.
The adder closely misses you.
* * * LOW HITPOINT WARNING * * *
You feel sick. The adder misses you.
* * * LOW HITPOINT WARNING * * *
You feel sick. The adder barely misses you.
You die...
Xom titters!

#.........## ###..###### ##...#
####..#.### ***** *** #....##...#
*,..*******,,
..#######.###########(..,,,,,,,,,
### #...#..........[*******,, #
#######.....#.........# ***
#.......###..S@.......#
#.#########....####...# #.#
###...##..##*,,,*
#<#####...####...#*,,,*
###.......##.....#.#####*
....†.######.#####.....#########
##...........## ##.....##.....##
##.....#......# #..............#
.........####.####..............#


You could see an adder.

Vanquished Creatures
  An adder (D:2)
  A giant gecko (D:2)
  An ooze (D:2)
  3 giant cockroaches (D:1)
  5 goblins
  4 hobgoblins
  2 jackals (D:1)
  3 kobolds
  A quokka (D:2)
  6 bats
  5 giant newts
  4 rats
36 creatures vanquished.

Notes
Turn   | Place    | Note
--------------------------------------------------------------
     0 | D:1      | gorblad, the Ogre Chaos Knight, began the quest for the Orb.
     0 | D:1      | Reached XP level 1. HP: 24/24 MP: 1/1
   182 | D:1      | Reached XP level 2. HP: 30/33 MP: 2/2
   667 | D:1      | XOM: harmless Trmt miscast
   915 | D:2      | Reached XP level 3. HP: 40/40 MP: 3/3
  1042 | D:2      | Found a sacrificial altar of Ru.
  1051 | D:2      | XOM: smoke on damage
  1369 | D:2      | Fell from the grace of Xom
  1369 | D:2      | Became a worshipper of Ru the Awakened
  1556 | D:2      | XOM: mild Fire miscast
  1678 | D:2      | HP: 2/40 [poisoned by an adder]
  1681 | D:2      | Succumbed to an adder's poison

Action                   || total
-------------------------++-------
Melee: Short sword       ||   128
  Use: Scroll            ||     3
  Eat: Meat ration       ||     1
       Chunk             ||     1
